 Dungeon Crawl Stone Soup version 0.30-a0-272-gf98c3da03f (webtiles) character file.

Game seed: 10650709824741544810

36117 Zonian the Fighter (level 14, -2/116 HPs)
             Began as a Djinni Ice Elementalist on Oct 15, 2022.
             Was a Believer of Ashenzari.
             Slain by a lindwurm (4 damage)
             ... on level 5 of the Lair of Beasts on Oct 16, 2022.
             The game lasted 01:17:51 (28958 turns).

Zonian the Fighter (Djinni Ice Elementalist)       Turns: 28958, Time: 01:17:51

Health: -2/116     AC: 10    Str: 13    XL:     14   Next: 22%
Gold:   517        EV: 17    Int: 16    God:    Ashenzari [**....] SH:  0 Dex: 18

rFire   + + .      SeeInvis +    k - +8 dagger of Supernal Knowledge {antimagic, rElec Will+ Int-2, Melee, Fort} (curse)
rCold   x . .      Faith    .    (no shield)
rNeg    . . .      Spirit   .    C - +1 robe {Will+}
rPois   ∞          Reflect  .    (no helmet)
rElec   +          Harm     .    g - +2 cloak "All-seeing Jealousy" {rCorr, Self, Range} (curse)
rCorr   +          Rampage  .    (no gloves)
Will    +++..                    (boots unavailable)
Stlth   +++.......               (no amulet)
HPRegen 0.39/turn                m - ring "Per Aspera Ad Scientiam" {Str+6, Melee, Self} (curse)
MPRegen 0.00/turn                d - +4 ring of protection

@: freezing walls, flying, slowed, very slow
A: sickness immunity, fire resistance 2, cold vulnerability 1, float, innate
caster, HP casting, extra vitality 1, subdued magic 1, inability to read after
injury 1, MP-powered wands
a: Renounce Religion, Curse Item, Shatter the Chains


You were on level 5 of the Lair of Beasts.
You worshipped Ashenzari.
Ashenzari was pleased with you.
You visited 3 branches of the dungeon, and saw 15 of its levels.

You collected 669 gold pieces.
You spent 152 gold pieces at shops.

Inventory:

Hand Weapons
 e - a +0 dagger
 h - a +0 rapier
 i - a +2 dagger of venom
 k - the cursed +8 dagger of Supernal Knowledge (weapon) {antimagic, rElec Will+ Int-2, Melee, Fort}
   (You found it on level 3 of the Dungeon)

   It reduces the magical energy of the wielder, and disrupts the spells and
   magical abilities of those it strikes.
   Natural abilities and divine invocations are not affected.
   Int:       It affects your intelligence (-2).
   rElec:     It insulates you from electricity.
   Will:      It increases your willpower.
   It has a curse which improves the following skills: Melee Combat: Short
   Blades, Long Blades, Axes, Maces & Flails, Polearms, Staves and Unarmed
   Combat.
   Fortitude: Armour and Shields.
 n - a +1 dagger of speed
Missiles
 r - 5 javelins
 B - 23 poisoned darts (quivered)
Armour
 a - a +1 robe
 g - the cursed +2 cloak "All-seeing Jealousy" (worn) {rCorr, Self, Range}
   (You took it off Crazy Yiuf on level 2 of the Dungeon)

   It has a curse which improves the following skills: Introspection: Fighting
   and Spellcasting.
   Ranged Combat: Ranged Weapons and Throwing.
 C - a +1 robe of willpower (worn)
Jewellery
 d - a +4 ring of protection (right hand)
 m - the cursed ring "Per Aspera Ad Scientiam" (left hand) {Str+6, Melee, Self}
   (You took it off an orc on level 5 of the Dungeon)

   [ring of strength]

   Str:       It affects your strength (+6).
   It has a curse which improves the following skills: Melee Combat: Short
   Blades, Long Blades, Axes, Maces & Flails, Polearms, Staves and Unarmed
   Combat.
   Introspection: Fighting and Spellcasting.
 q - a ring of fire
Wands
 F - a wand of iceblast (6)
 G - a wand of flame (5)
Scrolls
 c - 7 scrolls of fog
 p - 2 scrolls of enchant weapon
 u - a scroll of silence
 w - 2 scrolls of blinking
 x - 3 scrolls of enchant armour
 y - a scroll of magic mapping
Potions
 b - 4 potions of ambrosia
 f - 2 potions of curing
 j - 2 potions of degeneration
 l - 2 potions of brilliance
 t - a potion of lignification
 v - a potion of magic
 z - a potion of cancellation
 A - a potion of resistance
Miscellaneous
 o - a condenser vane (inert)


   Skills:
 + Level 14.4(16.2) Fighting
 - Level 7.1(9.0) Short Blades
 - Level 8.0 Dodging
 - Level 5.0 Stealth
 + Level 11.8(13.7) Spellcasting


You had 11 spell levels left.
You knew the following spells:

 Your Spells              Type           Power      Damage    Failure   Level
a - Freeze                Ice            100%       1d10      0%          1
b - Frozen Ramparts       Ice            84%        1d13      1%          3
c - Ozocubu's Armour      Ice            42%        N/A       1%          3
d - Summon Ice Beast      Ice/Summ       42%        N/A       1%          4
e - Summon Small Mammal   Summ           100%       N/A       0%          1
f - Static Discharge      Conj/Air       84%        2-6/arc   0%          2
g - Poisonous Vapours     Pois/Air       84%        N/A       0%          2
h - Spider Form           Tmut/Pois      42%        N/A       1%          3
i - Metabolic Englaciati  Hex/Ice        21%        N/A       1%          5
j - Freezing Cloud        Conj/Ice/Air   21%        6-21      1%          5
Your spell library was empty.

Dungeon Overview and Level Annotations

Branches:
Dungeon (9/15)             Temple (1/1) D:5            Lair (5/5) D:8
 Shoals (0/4) Lair:2       Spider (0/4) Lair:3        Slime (0/5) Lair:4
    Orc: D:9-12

Altars:
Ashenzari
Cheibriados
Dithmenos
Elyvilon
Fedhas
Gozag
Hepliaklqana
Makhleb
Nemelex Xobeh
Okawaru
Qazlal
Ru
Trog
Uskayaw
Wu Jian
Xom
Yredelemnul
Zin
The Shining One
Jiyva

Shops:
D:3 !   D:9 *

Annotations:
D:5 Duvessa


Innate Abilities, Weirdness & Mutations

You are immune to sickness and miasma.
You are immune to poison.
Your flesh is very heat resistant. (rF++)
You are vulnerable to cold. (rC-)
You float through the air rather than walking.
You learn spells naturally, not from books.
Your magical power is your life essence.
You have superior vitality. (+4 MHP)
Your spells are a little easier to cast, but a little less powerful.
You occasionally lose the ability to read scrolls when taking damage.
You expend health (3 HP) to strengthen your wands.


Message History

Unknown command.
Aiming: Iceblast
Press: ? - help, Shift-Dir - straight line, f - lindwurm
Aim: a lindwurm You feel a surge of power!
The mass of ice explodes!
The iceblast engulfs the lindwurm!!
The lindwurm is moderately wounded.
* * * LOW HITPOINT WARNING * * *
You feel yourself speed up.
You hear an angry buzzing noise.
The wall freezes the lindwurm but does no damage.
The wall freezes the lindwurm.
The lindwurm misses you. The lindwurm closely misses you. x2
You hit the lindwurm but do no damage.
The lindwurm is heavily wounded.
Unknown command.
You hit the lindwurm but do no damage.
The lindwurm is heavily wounded.
The wall freezes the lindwurm!
The lindwurm bites you.
* * * LOW HITPOINT WARNING * * *
The lindwurm misses you. The lindwurm barely misses you.
Unknown command.
You hit the lindwurm but do no damage.
The lindwurm is severely wounded.
The wall freezes the lindwurm!
The lindwurm breathes flames at you. The blast of flame hits you. You resist.
* * * LOW HITPOINT WARNING * * *
Unknown command.
You hit the lindwurm but do no damage.
The lindwurm is almost dead.
A torpor snail comes into view.
Being near the torpor snail leaves you feeling lethargic.
Unknown command.
You hit the lindwurm but do no damage.
The lindwurm is almost dead.
The wall freezes the lindwurm.
The lindwurm bites you!
* * * LOW HITPOINT WARNING * * *
The lindwurm claws you.
You die...

,,* *.PP......
, , #.........
# ,, * * ,,..(
##...#.### #.
** * .?P.,
PP...# #P.## *
,#.... , *
#...# ,#...#**
, *
#...####w.w#*
,,
,#...#w.Py####
,, *
#..w....#@# *
*###w...†k##*
* * * ,
*#.###....# *
* ,,, ###
##.... ** * ,
* ..#.. ,, ,
,... , , (..#
* * , * ,,####
* * * **


You could see a torpor snail and a lindwurm.

Vanquished Creatures
  A hydra (Lair:3)
  A two-headed ogre (D:8)
  7 death yaks
  An orb spider (Lair:3)
  A lindwurm (Lair:4)
  A manticore (Lair:2)
  9 elephants
  A black mamba (Lair:5)
  4 cane toads
  3 torpor snails (Lair:5)
  5 komodo dragons
  Psyche (D:9)
  A rime drake (Lair:1)
  A wind drake (Lair:2)
  8 hornets
  3 tyrant leeches (Lair:5)
  13 blink frogs
  Sigmund (D:2)
  26 yaks
  5 basilisks (Lair:4)
  A vampire (D:9)
  7 wyverns
  Grum (D:9)
  Edmund (D:5)
  An acid dragon (D:9)
  14 water moccasins
  6 orc warriors
  3 sky beasts
  2 black bears
  18 wolves
  3 centaurs
  3 phantoms
  4 necrophages
  A kobold brigand (D:9)
  3 scorpions
  14 bullfrogs
  Dowan (D:5)
  5 killer bees (D:9)
  A howler monkey (D:9)
  An electric eel (D:7)
  4 hounds
  A jelly (D:4)
  Crazy Yiuf (D:2)
  An iguana (D:5)
  9 orc wizards
  4 gnolls (D:5)
  9 adders
  A shadow imp (D:5)
  4 white imps
  2 ufetubi
  A worm (D:3)
  A dart slug (D:2)
  31 orcs
  5 endoplasms
  5 giant cockroaches
  11 goblins
  4 hobgoblins
  A quokka (D:3)
  8 ball pythons
  A bat (D:1)
  2 frilled lizards (D:1)
  13 kobolds
  5 rats
307 creatures vanquished.

Vanquished Creatures (collateral kills)
  4 death yaks (Lair:2)
  2 elephants (Lair:2)
  A cane toad (Lair:4)
  A troll (D:9)
  A blink frog (Lair:1)
  3 wyverns (Lair:5)
  2 yaks (Lair:4)
  A basilisk (Lair:2)
  2 water moccasins (Lair:5)
  A bullfrog (Lair:2)
  2 orcs (D:6)
20 creatures vanquished.

Vanquished Creatures (others)
  68 fungi
  103 plants
171 creatures vanquished.

Grand Total: 498 creatures vanquished

Notes
Turn   | Place    | Note
-------+----------+-------------------------------------------
     0 | D:1      | Zonian the Djinni Ice Elementalist began the quest for the
                  | Orb.
     0 | D:1      | Zonian set off with the following spells memorised: Freeze,
                  | Frozen Ramparts, Ozocubu's Armour, Summon Ice Beast.
     0 | D:1      | Reached XP level 1. HP: 15/15 MP: 0/0
   509 | D:1      | Reached XP level 2. HP: 20/21 MP: 0/0
  1130 | D:1      | Reached XP level 3. HP: 24/25 MP: 0/0
  1130 | D:1      | Learned a level 1 spell: Summon Small Mammal
  1709 | D:2      | Noticed Sigmund
  1846 | D:2      | Killed Sigmund
  1847 | D:2      | Reached skill level 2 in Fighting
  1847 | D:2      | Reached XP level 4. HP: 22/34 MP: 0/0
  1847 | D:2      | Reached XP level 5. HP: 25/39 MP: 0/0
  1847 | D:2      | Learned a level 2 spell: Static Discharge
  1847 | D:2      | Reached XP level 6. HP: 29/44 MP: 0/0
  2183 | D:2      | Found a runed translucent door.
  2184 | D:2      | Noticed Crazy Yiuf
  2195 | D:2      | Killed Crazy Yiuf
  2590 | D:2      | Found a faded altar of an unknown god.
  2709 | D:3      | Identified the +8 dagger of Iceumi Doive {antimagic, rElec
                  | Will+ Int-2}
  3107 | D:3      | Found Dataku's Distillery.
  3115 | D:3      | Bought a potion of invisibility for 112 gold pieces
  3765 | D:5      | Entered Level 5 of the Dungeon
  3767 | D:5      | Reached skill level 3 in Fighting
  3789 | D:5      | Noticed a black bear
  4194 | D:5      | Found a bloodstained altar of Trog.
  4231 | D:5      | Noticed Edmund
  4248 | D:5      | Killed Edmund
  4249 | D:5      | Reached XP level 7. HP: 50/50 MP: 0/0
  4249 | D:5      | Learned a level 2 spell: Poisonous Vapours
  4602 | D:5      | Reached skill level 4 in Fighting
  4686 | D:5      | Reached XP level 8. HP: 46/58 MP: 0/0
  4956 | D:5      | Found a staircase to the Ecumenical Temple.
  4998 | D:5      | Reached skill level 5 in Spellcasting
  5105 | Temple   | Entered the Ecumenical Temple
  5229 | Temple   | Became a worshipper of Ashenzari the Shackled
  5336 | D:5      | Noticed Dowan
  5382 | D:5      | Killed Dowan
  6224 | D:5      | Noticed Duvessa
  6405 | D:6      | Reached skill level 5 in Fighting
  6505 | D:6      | Reached skill level 5 in Short Blades
  6545 | D:6      | Reached XP level 9. HP: 55/66 MP: 0/0
  6545 | D:6      | Learned a level 3 spell: Spider Form
  6619 | D:6      | Found a shimmering altar of Xom.
  6638 | D:6      | Reached skill level 6 in Fighting
  6874 | D:6      | Found a large runed translucent door.
  6875 | D:6      | Found a large runed translucent door.
  6914 | D:6      | Found a glowing golden altar of the Shining One.
  6914 | D:6      | Found the dreamshard necklace {*Dream Drain}
  7601 | D:6      | Found a sacrificial altar of Ru.
  7611 | D:6      | Found a white marble altar of Elyvilon.
  7826 | D:7      | Reached skill level 7 in Fighting
  7909 | D:7      | Gained mutation: You are strong-willed. (Will+) [potion of
                  | mutation]
  7909 | D:7      | Gained mutation: You are resistant to electric shocks.
                  | (rElec) [potion of mutation]
  7909 | D:7      | Gained mutation: You occasionally lose the ability to read
                  | scrolls when taking damage. [potion of mutation]
  7976 | D:7      | Identified the cursed +2 cloak "All-seeing Jealousy"
                  | {rCorr, Self, Range} (You took it off Crazy Yiuf on level 2
                  | of the Dungeon)
  8364 | D:7      | Found a burning altar of Makhleb.
  8364 | D:7      | Found a basalt altar of Yredelemnul.
  8511 | D:8      | Noticed a komodo dragon
  8532 | D:8      | Killed a komodo dragon
  8533 | D:8      | Reached skill level 8 in Fighting
  8533 | D:8      | Reached XP level 10. HP: 26/77 MP: 0/0
  8707 | D:8      | Noticed a two-headed ogre
  9048 | D:8      | Killed a two-headed ogre
  9470 | D:8      | Reached skill level 9 in Fighting
 10215 | D:8      | Found a staircase to the Lair.
 10815 | D:9      | Reached * piety under Ashenzari
 11187 | D:9      | Noticed Grum
 11197 | D:9      | Killed Grum
 11210 | D:9      | Reached XP level 11. HP: 54/86 MP: 0/0
 11210 | D:9      | Learned a level 5 spell: Metabolic Englaciation
 11215 | D:9      | Reached skill level 10 in Fighting
 12131 | D:9      | Found Irunasit's General Store.
 12135 | D:9      | Noticed Psyche
 12175 | D:9      | Killed Psyche
 12217 | D:9      | Bought a scroll of fog for 40 gold pieces
 12717 | Lair:1   | Entered Level 1 of the Lair of Beasts
 13477 | Lair:1   | Reached skill level 11 in Fighting
 13803 | Lair:1   | Reached ** piety under Ashenzari
 14104 | Lair:2   | Found a staircase to the Shoals.
 14105 | Lair:2   | Noticed a manticore
 14120 | Lair:2   | Killed a manticore
 14540 | Lair:2   | Noticed a death yak
 14570 | Lair:2   | Killed a death yak
 14599 | Lair:2   | Noticed a death yak
 14600 | Lair:2   | Noticed a death yak
 14600 | Lair:2   | Noticed a death yak
 14605 | Lair:2   | Noticed a death yak
 14608 | Lair:2   | Noticed a death yak
 14657 | Lair:2   | Lost mutation: You are strong-willed. (Will+) [potion of
                  | mutation]
 14657 | Lair:2   | Lost mutation: You are resistant to electric shocks.
                  | (rElec) [potion of mutation]
 14657 | Lair:2   | Gained mutation: You are partially covered in large bone
                  | plates. (SH +4) [potion of mutation]
 14657 | Lair:2   | Gained mutation: You are weak. (Str -2) [potion of
                  | mutation]
 14658 | Lair:2   | Lost mutation: You are weak. (Str -2) [potion of mutation]
 14658 | Lair:2   | Lost mutation: You are partially covered in large bone
                  | plates. (SH +4) [potion of mutation]
 14658 | Lair:2   | Gained mutation: You expend health (3 HP) to strengthen
                  | your wands. [potion of mutation]
 14658 | Lair:2   | Gained mutation: Your spells are a little easier to cast,
                  | but a little less powerful. [potion of mutation]
 14909 | Lair:2   | Reached XP level 12. HP: 63/98 MP: 0/0
 15929 | Lair:2   | Reached skill level 10 in Spellcasting
 16204 | Lair:2   | Reached skill level 12 in Fighting
 17020 | Lair:2   | HP: 3/100 [elephant (4)]
 18119 | Lair:2   | Reached *** piety under Ashenzari
 18285 | Lair:2   | Killed a death yak
 18294 | Lair:2   | Killed a death yak
 18305 | Lair:2   | Killed a death yak
 18306 | Lair:2   | Reached skill level 5 in Dodging
 18306 | Lair:2   | Killed a death yak
 18312 | Lair:2   | Killed a death yak
 18516 | Lair:3   | Noticed a seven-headed hydra
 18536 | Lair:3   | Reached XP level 13. HP: 60/106 MP: 0/0
 18536 | Lair:3   | Learned a level 5 spell: Freezing Cloud
 18544 | Lair:3   | Killed a seven-headed hydra
 18913 | Lair:2   | Reached skill level 13 in Fighting
 20198 | Lair:3   | Found a hole to the Spider Nest.
 23841 | Lair:4   | Found a staircase to the Slime Pits.
 23842 | Lair:4   | Found a viscous altar of Jiyva.
 24584 | Lair:5   | Entered Level 5 of the Lair of Beasts
 27754 | Lair:5   | Reached skill level 14 in Fighting
 27754 | Lair:5   | Reached XP level 14. HP: 86/115 MP: 0/0
 28382 | Lair:5   | Reached skill level 5 in Stealth
 28958 | Lair:5   | HP: 2/116 [lindwurm (12)]
 28958 | Lair:5   | Slain by a lindwurm

Illustrated notes

Levels and vault maps discovered:
D:1:      dpeg_arrival_more_subterranean_lakeside_camping, layout_basic,
          dk_noncrumbling_3
D:2:      layout_basic, basic_ecumenical_altar, uniq_sigmund,
          uniq_crazy_yiuf_cottage
D:3:      layout_basic, serial_shops, shop_statue,
          chequers_serial_rivers_small_b
D:4:      layout_cave_pools
D:5:      layout_loops_ring, lemuel_doored_altar, minmay_temple_entry_wispy,
          uniq_edmund, uniq_duvessa
D:6:      layout_rooms, mainiacjoe_overflow_catch_the_wave,
          jmf_multi_god_temple2, mainiacjoe_overflow_tiny_flanked
D:7:      layout_rooms, amethyst_overflow_temple_binary, minivault_4
D:8:      layout_basic, grunt_lair_entry_orc_guard_hut
D:9:      layout_roguey, serial_shops, shop, uniq_psyche, uniq_grum
Temple:   compressed_dpeg_circular_temple
Lair:1:   layout_regular_city, grunt_megastairs_2, lemuel_fruit_tree
Lair:2:   layout_cave_pods, minmay_shoals_entry_beasts, gauntlet_entry_generic,
          minivault_26
Lair:3:   layout_gridlike, nicolae_spider_entry_orb_guardian,
          serial_bayou_pond_a, grunt_megastairs_4
Lair:4:   layout_cave_pods, slime_entry_1, kennysheep_basilisk_garden
Lair:5:   wormcave, layout_long_grid, hangedman_lair_tendril_chambers

Skill      XL: |  1  2  3  4  5  6  7  8  9 10 11 12 13 14 |
---------------+-------------------------------------------+-----
Stealth        | 2 4 5 |  5.0
Fighting       | 2 3 4 5 8 9 11 12 14 | 14.4
Short Blades   | 2 3 5 7 |  7.1
Spellcasting   | 4 5 7 8 9 10 11 | 11.8
Dodging        | 5 8 |  8.0

Action                   |  1- 3 |  4- 6 |  7- 9 | 10-12 | 13-15 || total
-------------------------+-------+-------+-------+-------+-------++-------
Melee: Dagger            |    39 |    64 |   233 |   523 |   542 ||  1401
       Unarmed           |     1 |       |       |       |    64 ||    65
       Punch             |       |     2 |     2 |     8 |    14 ||    26
Throw: Dart              |       |       |       |       |    29 ||    29
       Javelin           |       |       |       |       |     1 ||     1
 Cast: Freeze            |    27 |     5 |       |       |       ||    32
       Frozen Ramparts   |     1 |       |     9 |    32 |    13 ||    55
       Static Discharge  |       |     7 |    13 |    14 |    22 ||    56
       Poisonous Vapours |       |       |    14 |     7 |    33 ||    54
       Summon Ice Beast  |       |       |     1 |     7 |    12 ||    20
       Ozocubu's Armour  |       |       |       |     9 |     8 ||    17
       Metabolic Englaci |       |       |       |     2 |    21 ||    23
       Freezing Cloud    |       |       |       |       |     8 ||     8
       Spider Form       |       |       |       |       |     2 ||     2
Invok: Curse Item        |       |       |     1 |     3 |       ||     4
Evoke: Wand              |       |       |       |    13 |    10 ||    23
       Condenser vane    |       |       |       |     1 |     1 ||     2
  Use: Scroll            |     8 |     6 |     6 |     2 |     6 ||    28
       Potion            |     1 |       |     4 |     4 |     1 ||    10
 Stab: Sleeping          |     2 |     5 |     1 |     1 |       ||     9
       Invisible         |       |       |       |     2 |       ||     2
       Distracted        |       |       |       |     2 |     1 ||     3
       Confused          |       |       |       |     1 |     1 ||     2
Armor: Robe              |    11 |    22 |    55 |   145 |   121 ||   354
       Skin              |       |       |    20 |       |     2 ||    22
Dodge: Dodged            |    43 |    32 |   109 |   287 |   382 ||   853

Table legend: (Time is in decaauts)
 A = Elapsed time spent in this place.
 B = Non-inter-level travel time spent in this place.
 C = Inter-level travel time spent in this place.
 D = Time resting spent in this place.
 E = Time spent auto-exploring this place.
 F = Levels seen in this place.
 G = Mean time per level.
                   A        B        C        D        E       F      G
               +--------+--------+--------+--------+--------+-----+--------+
         Total |  28479 |  27966 |    513 |  16257 |   7210 |  15 | 1898.6 |
       Dungeon |  12455 |  12203 |    252 |   5639 |   4685 |   9 | 1383.9 |
        Temple |    130 |    124 |      6 |      0 |     80 |   1 |  130.0 |
          Lair |  15894 |  15639 |    255 |  10617 |   2445 |   5 | 3178.8 |
               +--------+--------+--------+--------+--------+-----+--------+

Top non-repeatable levels by time:
  Lair:2: 5136 daAuts
  Lair:4: 4989 daAuts
  Lair:1: 2129 daAuts
  Lair:3: 2028 daAuts
     D:7: 1889 daAuts
     D:9: 1857 daAuts
     D:5: 1815 daAuts
     D:1: 1623 daAuts
  Lair:5: 1610 daAuts
     D:6: 1277 daAuts
     D:8: 1228 daAuts
     D:4: 1148 daAuts
     D:2: 1052 daAuts
     D:3: 562 daAuts
  Temple: 130 daAuts
